 Dungeon Sprint DCSS version 0.19.3-4-gbf9329e (webtiles) character file.

764 Kagutsuchi the Carver (level 7, -5/73 HPs)
             Began as a Mottled Draconian Berserker on Jan 27, 2017.
             Was an Elder of Trog.
             Slain by Menkaure (16 damage)
             ... in the Dungeon (Sprint II: "The Violet Keep of Menkaure").
             The game lasted 00:01:22 (500 turns).

Kagutsuchi the Carver (Mottled Draconian Berserker)  Turns: 500, Time: 00:01:22

Health: -5/73      AC:  6    Str: 19    XL:     7   Next: 51%
Magic:  7/7        EV: 17    Int:  7    God:    Trog [****..]
Gold:   804        SH:  0    Dex: 13    Spells: 0 memorised, 6 levels left

rFire  . . .     SeeInvis .     a - +0 falchion
rCold  . . .     Gourm    .     (armour unavailable)
rNeg   . . .     Faith    .     (no shield)
rPois  .         Spirit   .     (helmet restricted)
rElec  .         Reflect  .     (no cloak)
rCorr  .         Harm     .     (no gloves)
MR     .....     NoTele   +     (no boots)
Stlth  +.........               (no amulet)
                                (no ring)
                                (no ring)

@: exhausted
A: breathe sticky flame splash, unfitting armour, cold-blooded, AC +6
a: Breathe Sticky Flame, Berserk, Trog's Hand, Brothers in Arms, Burn
Spellbooks, Renounce Religion


You were in the Dungeon.
You worshipped Trog.
Trog was greatly pleased with you.
You were hungry.

You visited 1 branch You collected 972 gold pieces.
You spent 168 gold pieces at shops.

Inventory:

Hand Weapons
 a - a +0 falchion (weapon)
 d - a +0 spear
Scrolls
 h - a scroll of blinking
Potions
 c - 5 potions of curing
 e - a potion of haste
 f - 2 potions of magic
 g - a potion of berserk rage
Comestibles
 b - a bread ration


   Skills:
 + Level 10.9 Fighting
 + Level 10.9 Long Blades
 + Level 8.4 Dodging


You had 6 spell levels left.
You didn't know any spells.

Dungeon Overview and Level Annotations

Branches:
Dungeon (1/1)

Altars:

Shops:
D ?(:}[=!:(((=%[[!

Annotations:
D exclusion: oklob plant, Menkaure


Innate Abilities, Weirdness & Mutations

You can spit globs of burning liquid.
You can ignite nearby creatures when you spit burning liquid.
Your weird mottled scales are hard. (AC +6)
You cannot fit into any form of body armour.
You are cold-blooded and may be slowed by cold attacks.


Message History

Menkaure barely misses you.
There is an entrance to Buta's Jewellery Emporium here.
Menkaure misses you. Menkaure hits you!
Menkaure calls on the powers of darkness!
Your body is wracked with pain!
Menkaure closely misses you.
You riposte.
You hit Menkaure but do no damage.
There is an entrance to Eretzih's Antique Armour Shoppe here.
Menkaure hits you!
* * * LOW HITPOINT WARNING * * *
Menkaure closely misses you.
You hit Menkaure.
Menkaure is lightly damaged.
You feel yourself speed up.
Menkaure calls on the powers of darkness!
Your body is wracked with pain!
* * * LOW HITPOINT WARNING * * *
You hit Menkaure.
Menkaure is moderately damaged.
Menkaure hits you!
You die...

≈## ############≈≈#++
###########≈≈≈...
##........#≈≈≈≈.# ##
##....⌠...#≈≈≈≈# .##
##...∩.∩..#≈≈≈≈# ##..#
##..∩.∩.∩.#≈≈### #..####
##.∩.∩.∩.∩#≈##.###†###.##
##∩.∩...M@#≈##..##.##...#
##.∩.....∩'≈'.##'.<.'.#.+
##∩.......#≈##..##.##...#
#▓▓▓▓▓▓▓###≈##.###†###.##
##${.######≈≈####...####
#!.E#G ##≈≈≈#..#..#
#∩P$+$ +#≈##. .## #)?!
≈≈## ## #)$. ≈≈


You could see an iron elemental, an oklob plant and Menkaure.

Vanquished Creatures
  A siren (D)
  4 necrophages (D)
  4 worker ants (D)
  2 worms (D)
11 creatures vanquished.

Vanquished Creatures (others)
  A crocodile (D)
1 creature vanquished.

Grand Total: 12 creatures vanquished

Notes
Turn   | Place    | Note
-------+----------+-------------------------------------------
     0 | D        | Kagutsuchi the Draconian Berserker began the quest for the Orb.
     0 | D        | Reached XP level 1. HP: 19/19 MP: 1/1
     1 | D        | Noticed a siren
    33 | D        | Killed a siren
    33 | D        | Reached XP level 2. HP: 17/36 MP: 2/2
    33 | D        | Reached XP level 3. HP: 19/41 MP: 3/3
    33 | D        | Reached XP level 4. HP: 23/49 MP: 4/4
    33 | D        | Reached XP level 5. HP: 27/56 MP: 5/5
    33 | D        | Reached XP level 6. HP: 29/62 MP: 6/6
   405 | D        | Reached ** piety under Trog
   413 | D        | Reached skill level 10 in Fighting
   413 | D        | Reached skill level 10 in Long Blades
   413 | D        | Your scales start taking on a weird mottled colour.
   413 | D        | Reached XP level 7. HP: 72/72 MP: 7/7
   444 | D        | Reached *** piety under Trog
   466 | D        | Reached **** piety under Trog
   479 | D        | Found Huakon's Armour Shoppe.
   479 | D        | Found Eretzih's Antique Armour Shoppe.
   479 | D        | Found Buta's Jewellery Emporium.
   479 | D        | Found Alew's Food Emporium.
   479 | D        | Found Feeng's Antique Weapon Shoppe.
   479 | D        | Found Qoeb's Weapon Shoppe.
   480 | D        | Found Hisih's Antique Weapon Shoppe.
   480 | D        | Found Veih's Book Emporium.
   481 | D        | Found Rib Jank's Distillery.
   481 | D        | Found Ulodew Kiva's Jewellery Emporium.
   482 | D        | Found Qeepneisk's Distillery.
   483 | D        | Found Fack's Antique Armour Shoppe.
   483 | D        | Found Ahuej's Gadget Emporium.
   483 | D        | Noticed Menkaure
   483 | D        | Noticed an oklob plant
   484 | D        | Found Poodyng's Antique Weapon Shoppe.
   484 | D        | Found Gaonn's Magic Scroll Emporium.
   484 | D        | Found Tiqaap's Book Shoppe.
   488 | D        | Bought a potion of curing for 42 gold pieces
   488 | D        | Bought a potion of curing for 42 gold pieces
   488 | D        | Bought a potion of curing for 42 gold pieces
   488 | D        | Bought a potion of curing for 42 gold pieces
   489 | D        | Noticed an iron elemental
   493 | D        | Noticed a great orb of eyes
   500 | D        | Slain by Menkaure

Skill      XL: |  1  2  3  4  5  6  7 |
---------------+----------------------+-----
Fighting       | 8 10 | 10.9
Long Blades    | 9 10 | 10.9
Dodging        | 6 7 8 |  8.4

Action                   |  1- 3 |  4- 6 |  7- 9 || total
-------------------------+-------+-------+-------++-------
Melee: Falchion          |    28 |    10 |    33 ||    71
       Tailslap          |     3 |     2 |     2 ||     7
Invok: Berserk           |       |     1 |     1 ||     2
  Use: Potion            |     1 |       |       ||     1
Armor: Skin              |       |       |     3 ||     3
Dodge: Dodged            |     4 |     3 |    22 ||    29
       Rpst.: Falchion   |     2 |     2 |     7 ||    11
